 Dungeon Crawl Stone Soup version 0.24.0-37-gcf1ca852f1 (webtiles) character file.

Game seed: 1508388141980022947, levelgen mode: deterministic

801 NochnoyZador the Firebug (level 7, -8/36 HPs)
             Began as a Gargoyle Fire Elementalist on Nov 24, 2019.
             Mangled by an ogre
             ... wielding a +0 giant club
              (13 damage)
             ... on level 5 of the Dungeon.
             The game lasted 00:15:46 (4366 turns).

NochnoyZador the Firebug (GrFE)                     Turns: 4366, Time: 00:15:47

Health: -8/36      AC: 10    Str: 11    XL:     7   Next: 90%
Magic:  14/14      EV: 18    Int: 18    God:
Gold:   377        SH:  0    Dex: 10    Spells: 5/15 levels left

rFire    . . .     SeeInvis .   b - +1 hand axe (distort)
rCold    . . .     Gourm    .   (no shield)
rNeg     + . .     Faith    .   a - +0 robe
rPois    ∞         Spirit   .   F - +0 helmet
rElec    +         Reflect  .   x - +0 cloak
rCorr    .         Harm     .   E - +0 pair of gloves (curse)
MR       +....                  u - +0 pair of boots
Stlth    ++........             (no amulet)
HPRegen  0.12/turn              y - ring of protection from magic (curse)
MPRegen  0.14/turn              D - +6 ring of evasion

@: no status effects
A: negative energy resistance 1, electricity resistance, unbreathing,
petrification resistance, rot immunity, AC +4
a: no special abilities


You were on level 5 of the Dungeon.
You were not hungry.

You visited 2 branches of the dungeon, and saw 6 of its levels.

You collected 377 gold pieces.

Inventory:

Hand Weapons
 b - a +1 hand axe of distortion (weapon)
 l - a +1 whip of venom
 q - a +0 dagger of draining
 w - a +3 quarterstaff of chaos
 B - a +0 hand axe of chopping
Missiles
 e - 3 javelins (quivered)
 m - 225 stones
Armour
 a - a +0 robe (worn)
 u - a +0 pair of boots (worn)
 x - a +0 cloak (worn)
 E - a cursed +0 pair of gloves (worn)
 F - a +0 helmet (worn)
Jewellery
 y - a cursed ring of protection from magic (left hand)
 D - a +6 ring of evasion (right hand)
Scrolls
 f - a scroll of amnesia {unknown}
 h - 4 scrolls of identify
 i - 4 scrolls of teleportation {unknown}
 j - a scroll of noise {unknown}
 n - 2 scrolls of blinking {unknown}
 p - 4 scrolls of remove curse {unknown}
 z - a scroll of fear {unknown}
 A - a scroll of immolation {unknown}
Potions
 d - a potion of brilliance {unknown}
 g - 2 potions of lignification {unknown}
 k - 2 potions of agility
 o - a potion of resistance {unknown}
 r - 2 potions of flight
 s - a potion of magic {unknown}
 t - 2 potions of heal wounds {unknown}
 v - a potion of might {unknown}
 C - a potion of curing {unknown}
Comestibles
 c - 8 rations
 G - 2 chunks of flesh


   Skills:
 - Level 1.5 Dodging
 - Level 2.1 Stealth
 + Level 4.8 Spellcasting
 + Level 5.3 Conjurations
 + Level 5.7 Fire Magic


You had 5 spell levels left.
You knew the following spells:

 Your Spells              Type           Power        Failure   Level  Hunger
a - Flame Tongue          Conj/Fire      ###..        1%          1    None
b - Throw Flame           Conj/Fire      ###...       1%          2    #......
c - Conjure Flame         Conj/Fire      ###.....     4%          3    ###....
d - Sticky Flame          Conj/Fire      ###.....     14%         4    ####...

Your spell library contained the following spells:

 Spells                   Type           Power        Failure   Level  Hunger
 Inner Flame              Hex/Fire       ##......     12%         3    ###....
 Fireball                 Conj/Fire      ###.......   36%         5    ######.


Dungeon Overview and Level Annotations

Branches:
Dungeon (5/15)             Temple (1/1) D:4

Altars:
Ashenzari
Cheibriados
Dithmenos
Elyvilon
Gozag
Hepliaklqana
Kikubaaqudgha
Makhleb
Nemelex Xobeh
Okawaru
Qazlal
Ru
Trog
Uskayaw
Wu Jian
Xom
Yredelemnul
Zin
The Shining One


Innate Abilities, Weirdness & Mutations

You are resistant to torment.
Your stone body is resilient. (AC +4)
You are immune to poison.
You resist negative energy. (rN+)
You are resistant to electric shocks. (rElec)
You can survive without breathing.
You are immune to petrification.
You are immune to rotting.


Message History

The arrow hits you!
You see here an arrow.
As you open the door, it creaks loudly!
An ogre comes into view. It is wielding a +0 giant club.
The ogre shouts!
The centaur shoots an arrow.
The arrow hits you.
You hit the ogre but do no damage.
Space bends around the ogre.
The ogre is lightly wounded.
The centaur shoots an arrow.
The arrow hits you but does no damage. The ogre hits you with a +0 giant club!
* * * LOW HITPOINT WARNING * * *
You barely miss the ogre.
The ogre is lightly wounded.
The ogre completely misses you.
The centaur shoots an arrow.
The arrow completely misses you.
You hit the ogre.
Space warps horribly around the ogre!
The ogre is severely wounded.
The centaur shoots an arrow.
The arrow closely misses you. The ogre hits you with a +0 giant club!
You die...

.....# #.##.#..#####
.....# #. ..#.))...#
.....# #######)###.#
.....# #...)).#
.....####.#####......#
.....'........(#######
.....####.####...#####.#
####.####.####..>O.....#
.....#..#.#..(((@#
..##.#..#.#'##...##
..'.....#........c...
..##.###............c.
......................#
>..#..................#
.)........#############
...########
......<...####


You could see an ogre and a centaur.

Vanquished Creatures
  Menkaure (D:4)
  A big kobold (D:5)
  A howler monkey (D:5)
  A jelly (D:5)
  An orc priest (D:5)
  Crazy Yiuf (D:2)
  4 hounds
  4 orc wizards (D:5)
  A worker ant (D:5)
  4 adders
  An ooze (D:3)
  2 adder skeletons
  2 worms
  2 dart slugs (D:3)
  4 leopard geckos
  5 orcs
  3 ball pythons
  A giant cockroach (D:3)
  7 goblins
  8 hobgoblins
  5 jackals
  6 kobolds
  2 quokkas
  8 bats
  4 frilled lizards
  A giant cockroach zombie (D:5)
  A leopard gecko skeleton (D:4)
  8 rats
89 creatures vanquished.

Vanquished Creatures (others)
  A sky beast (D:5)
  A centaur skeleton (D:4)
  A worker ant (D:5)
  An adder (D:2)
  A worm (D:2)
  A hobgoblin (D:3)
  A jackal (D:3)
7 creatures vanquished.

Grand Total: 96 creatures vanquished

Notes
Turn   | Place    | Note
-------+----------+-------------------------------------------
     0 | D:1      | NochnoyZador the Gargoyle Fire Elementalist began the quest
                  | for the Orb.
     0 | D:1      | Reached XP level 1. HP: 10/10 MP: 3/3
   357 | D:1      | Reached XP level 2. HP: 15/15 MP: 5/5
   806 | D:1      | Reached XP level 3. HP: 19/19 MP: 6/6
   951 | D:1      | Learned a level 2 spell: Throw Flame
   955 | D:1      | Learned a level 3 spell: Conjure Flame
  1175 | D:2      | Found an opulent altar of Gozag.
  1631 | D:2      | Found a runed translucent door.
  1632 | D:2      | Noticed Crazy Yiuf
  1660 | D:2      | Reached XP level 4. HP: 24/24 MP: 8/8
  1762 | D:2      | Killed Crazy Yiuf
  2268 | D:3      | Reached XP level 5. HP: 28/28 MP: 9/9
  2394 | D:3      | Found a glowing golden altar of the Shining One.
  2687 | D:4      | Found a staircase to the Ecumenical Temple.
  2697 | Temple   | Entered the Ecumenical Temple
  2917 | D:4      | Noticed Menkaure
  3235 | D:4      | Killed Menkaure
  3235 | D:4      | Reached XP level 6. HP: 32/32 MP: 3/11
  3551 | D:5      | Entered Level 5 of the Dungeon
  3696 | D:5      | Learned a level 4 spell: Sticky Flame
  3723 | D:5      | Reached skill level 5 in Fire Magic
  3723 | D:5      | Reached XP level 7. HP: 36/36 MP: 13/13
  4043 | D:5      | Reached skill level 5 in Conjurations
  4366 | D:5      | Mangled by an ogre

Levels and vault maps discovered:
D:1:      minmay_arrival_arboretum_small, layout_basic
D:2:      minmay_wonky_spiral, layout_loops_cross, nicolae_gozag_seed_capital,
          uniq_crazy_yiuf_cottage
D:3:      layout_basic, nicolae_tso_swordbearing_angel, first_ration,
          kennysheep_cluttered_room
D:4:      layout_basic, minmay_temple_entry_drinking_statues,
          minmay_misc_feat_more_columns, uniq_menkaure
D:5:      layout_basic
Temple:   bh_familiar_temple

Skill      XL: |  1  2  3  4  5  6  7 |
---------------+----------------------+-----
Conjurations   | 2 3 4 5 |  5.3
Spellcasting   | 3 4 |  4.8
Fire Magic     | 4 5 |  5.7
Dodging        | |  1.5
Stealth        | |  2.1

Action                   |  1- 3 |  4- 6 |  7- 9 || total
-------------------------+-------+-------+-------++-------
Melee: Hand axe          |    99 |   117 |    59 ||   275
 Cast: Flame Tongue      |       |    14 |    11 ||    25
       Throw Flame       |       |     1 |       ||     1
  Use: Scroll            |       |     2 |       ||     2
 Stab: Sleeping          |     3 |     1 |       ||     4
  Eat: Chunk             |     2 |     4 |       ||     6
       Ration            |       |     1 |     1 ||     2
Armor: Robe              |    34 |    40 |    23 ||    97
Dodge: Dodged            |    76 |   112 |    71 ||   259
